Map: Neon Violet Square LE

Players

Nice

  • Race: Protoss Protoss
  • Spawn Location: 5:00

Harstem - Winner!

  • Race: Protoss Protoss
  • Spawn Location: 11:00

Event: WCS Leipzig 2018

VOD

Have the link to the VOD?

Description

Time

  • Played on: Jan. 26, 2018, 12:33 p.m.
  • Length: 15:01

All games in this series

Show
View Real Time Build Order
Export as new Build Order

Nice Protoss 

Build Orders: Phoenix Opening, Chargelot Immortal 

Get SALT Encoding   

  12  0:00  Probe  
  13  0:13  Probe  
  14  0:18  Pylon  
  14  0:25  Probe (Chrono Boost)  
  15  0:37  Probe (Chrono Boost)  
  15  0:39  Gateway  
  16  0:44  Probe (Chrono Boost)  
  17  0:51  Probe, Assimilator  
  17  0:55  Assimilator  
  18  1:03  Probe (Chrono Boost)  
  19  1:08  Gateway  
  19  1:15  Probe (Chrono Boost)  
  20  1:21  Probe (Chrono Boost)  
  21  1:27  Cybernetics Core  
  21  1:29  Probe  
  22  1:37  Pylon  
  22  1:42  Probe  
  23  1:55  Probe  
  24  2:04  Stalker, Sentry, Warp Gate  
  28  2:14  Pylon  
  28  2:28  Pylon  
  28  2:42  Stargate  
  32  2:58  Probe  
  29  3:00  Nexus  
  29  3:06  Stalker x2  
  33  3:29  Phoenix (Chrono Boost)  
  35  3:40  Nexus  
  35  3:44  Pylon  
  35  3:47  Phoenix (Chrono Boost)  
  36  3:57  Pylon  
  36  4:02  Probe (Chrono Boost)  
  29  4:12  Probe (Chrono Boost)  
  29  4:13  Phoenix  
  33  4:17  Probe (Chrono Boost)  
  35  4:25  Probe x2 (Chrono Boost)  
  36  4:33  Probe (Chrono Boost)  
  36  4:35  Probe (Chrono Boost)  
  37  4:39  Probe (Chrono Boost)  
  37  4:42  Probe (Chrono Boost)  
  39  4:46  Probe (Chrono Boost)  
  39  4:50  Phoenix  
  42  4:53  Probe (Chrono Boost)  
  45  5:03  Probe (Chrono Boost)  
  45  5:04  Probe (Chrono Boost)  
  45  5:05  Probe (Chrono Boost)  
  45  5:06  Pylon  
  46  5:11  Probe (Chrono Boost)  
  46  5:13  Probe (Chrono Boost)  
  49  5:15  Probe (Chrono Boost)  
  49  5:22  Robotics Facility  
  49  5:25  Probe (Chrono Boost)  
  49  5:26  Probe x2 (Chrono Boost)  
  52  5:37  Probe (Chrono Boost)  
  52  5:40  Probe (Chrono Boost)  
  55  5:43  Probe (Chrono Boost)  
  55  5:45  Sentry, Pylon  
  55  5:47  Sentry  
  55  5:48  Probe (Chrono Boost)  
  61  5:53  Probe (Chrono Boost)  
  61  5:54  Probe (Chrono Boost)  
  63  5:57  Probe (Chrono Boost)  
  63  6:00  Forge  
  63  6:01  Probe (Chrono Boost)  
  63  6:03  Shield Battery  
  64  6:06  Probe x3 (Chrono Boost)  
  64  6:09  Observer (Chrono Boost)  
  68  6:12  Pylon  
  68  6:16  Probe  
  70  6:25  Probe x2  
  70  6:26  Immortal (Chrono Boost)  
  70  6:29  Probe, Assimilator, Protoss Ground Weapons Level 1 (Chrono Boost)  
  76  6:32  Shield Battery  
  76  6:34  Shield Battery  
  76  6:45  Probe  
  77  6:47  Assimilator  
  77  6:48  Probe  
  77  6:49  Probe  
  79  6:56  Twilight Council  
  79  6:57  Probe  
  79  7:00  Probe, Immortal  
  85  7:06  Gateway  
  85  7:08  Gateway  
  85  7:11  Gateway  
  85  7:13  Gateway  
  85  7:16  Probe  
  85  7:18  Assimilator  
  85  7:19  Probe, Assimilator, Pylon  
  85  7:29  Stalker  
  87  7:32  Stalker  
  87  7:34  Probe  
  85  7:40  Probe x2  
  85  7:42  Charge (Chrono Boost)  
  85  7:43  Immortal  
  90  7:47  Probe  
  91  7:55  Zealot x2  
  91  7:58  Protoss Ground Weapons Level 2 (Chrono Boost)  
  95  8:00  Pylon  
  95  8:15  Gateway  
  95  8:17  Gateway  
  95  8:19  Zealot  
  95  8:20  Zealot  
  95  8:22  Pylon  
  97  8:29  Observer (Chrono Boost)  
  97  8:48  Zealot x6  
  105  8:50  Pylon  
  105  8:53  Pylon  
  106  8:57  Immortal (Chrono Boost)  
  106  9:09  Pylon  
  106  9:11  Pylon  
  106  9:12  Pylon  
  106  9:15  Templar Archives  
  106  9:29  Warp Prism (Chrono Boost)  
  108  9:31  Nexus  
  108  9:35  Gateway  
  108  9:36  Pylon  
  108  9:37  Gateway  
  108  9:45  Zealot x2  
  112  9:56  High Templar x6, Protoss Ground Weapons Level 3 (Chrono Boost)  
  124  10:01  Archon x3  
  124  10:14  Photon Cannon  
  124  10:15  Photon Cannon  
  124  10:16  Photon Cannon  
  124  10:20  Zealot x2  
  128  10:29  High Templar x2  
  128  10:30  High Templar x4  
  128  10:34  Archon x2  
  140  10:39  Archon  
  135  10:58  Zealot x2  
  135  11:02  Nexus, High Templar x4  
  135  11:03  Zealot x4  
  153  11:04  Pylon  
  153  11:07  Archon x2  
  149  11:17  Observer (Chrono Boost)  
  149  11:31  Observer (Chrono Boost)  
  146  11:41  Photon Cannon  
  146  11:43  Shield Battery  
  146  11:46  Zealot  
  146  11:47  Zealot x4  
  146  12:03  Protoss Shields Level 1 (Chrono Boost)  
  146  12:04  Shield Battery, Photon Cannon  
  142  12:23  Zealot x6  
  142  12:25  Immortal  
  136  12:47  Dark Shrine  
  126  12:51  High Templar x3  
  126  12:52  High Templar x4  
  126  12:53  High Templar, Zealot  
  126  12:56  Archon  
  126  12:57  Archon x2  
  126  12:58  Zealot, Archon  
  136  13:19  Zealot x2  
  132  13:25  Zealot x4  
  132  13:26  Zealot x2  
  144  13:30  Immortal (Chrono Boost)  
  146  13:56  High Templar x3  
  146  13:57  High Templar  
  146  14:02  Archon x2  
  154  14:08  Dark Templar x2  
  143  14:20  Dark Templar x2  
  145  14:25  Pylon  
  145  14:27  Zealot x2  
  134  14:39  Observer (Chrono Boost)  
Show
View Real Time Build Order
Export as new Build Order

Harstem Protoss - Winner!

Build Orders: Oracle Opening 

Get SALT Encoding   

  12  0:00  Probe  
  13  0:13  Probe  
  14  0:19  Pylon  
  14  0:25  Probe (Chrono Boost)  
  15  0:38  Probe (Chrono Boost), Gateway  
  16  0:46  Probe (Chrono Boost)  
  16  0:49  Assimilator  
  17  0:52  Probe  
  17  0:56  Assimilator  
  18  1:04  Probe  
  18  1:11  Gateway  
  19  1:16  Probe  
  20  1:25  Cybernetics Core  
  20  1:28  Probe (Chrono Boost)  
  21  1:38  Probe (Chrono Boost)  
  21  1:39  Pylon  
  22  1:43  Probe (Chrono Boost)  
  24  2:02  Stalker x2  
  24  2:04  Warp Gate  
  27  2:16  Pylon  
  27  2:21  Stargate  
  27  2:32  Adept  
  27  2:33  Adept  
  30  3:02  Oracle (Chrono Boost)  
  33  3:11  Nexus  
  33  3:23  Probe  
  34  3:29  Shield Battery, Oracle (Chrono Boost)  
  37  3:40  Shield Battery  
  37  3:42  Probe  
  38  3:50  Pylon  
  38  4:02  Probe (Chrono Boost)  
  36  4:03  Twilight Council  
  34  4:14  Probe (Chrono Boost)  
  33  4:21  Stalker  
  33  4:23  Probe (Chrono Boost)  
  37  4:25  Probe (Chrono Boost)  
  37  4:30  Stalker  
  40  4:33  Probe x2 (Chrono Boost)  
  41  4:40  Probe  
  41  4:41  Blink (Chrono Boost)  
  42  4:46  Probe  
  42  4:51  Stalker  
  45  4:54  Probe  
  45  4:58  Probe  
  47  5:04  Assimilator  
  47  5:06  Stalker  
  49  5:08  Probe  
  49  5:11  Probe  
  51  5:19  Stalker  
  51  5:20  Probe  
  54  5:22  Pylon  
  54  5:23  Probe  
  55  5:29  Stalker  
  55  5:32  Probe  
  58  5:35  Probe  
  59  5:44  Probe  
  59  5:45  Robotics Facility  
  59  5:47  Probe  
  61  5:53  Stalker  
  61  5:56  Probe  
  64  5:59  Stalker, Pylon  
  66  6:06  Pylon  
  66  6:18  Nexus  
  66  6:21  Sentry  
  66  6:22  Probe  
  66  6:23  Sentry  
  71  6:29  Forge  
  71  6:31  Probe  
  71  6:32  Observer (Chrono Boost)  
  73  6:40  Gateway  
  73  6:41  Gateway  
  74  6:50  Stalker  
  74  6:52  Stalker  
  79  6:56  Charge  
  79  6:57  Protoss Ground Weapons Level 1 (Chrono Boost)  
  79  6:58  Gateway  
  79  7:00  Gateway  
  77  7:07  Warp Prism (Chrono Boost)  
  77  7:13  Probe  
  77  7:14  Probe  
  81  7:21  Pylon  
  81  7:25  Probe  
  81  7:26  Probe  
  83  7:34  Stalker x2  
  87  7:37  Probe  
  87  7:40  Stalker  
  87  7:41  Probe  
  88  7:44  Probe  
  90  7:52  Stalker  
  90  7:55  Pylon  
  90  7:57  Stalker x2  
  95  7:58  Stalker  
  95  8:00  Stalker  
  95  8:01  Probe  
  95  8:05  Probe x2  
  100  8:06  Pylon  
  100  8:13  Probe, Stalker x2  
  100  8:16  Pylon  
  103  8:22  Probe x2  
  103  8:24  Assimilator  
  103  8:25  Probe  
  106  8:29  Assimilator  
  106  8:31  Stalker  
  106  8:32  Stalker  
  109  8:35  Probe (Chrono Boost)  
  109  8:40  Observer, Protoss Ground Weapons Level 2 (Chrono Boost)  
  102  8:42  Probe (Chrono Boost)  
  100  8:53  Probe x3 (Chrono Boost)  
  103  9:01  Probe  
  101  9:05  Probe x2  
  101  9:06  Assimilator  
  101  9:07  Nexus, Robotics Bay  
  103  9:11  Robotics Facility  
  103  9:14  Probe (Chrono Boost)  
  105  9:17  Dark Shrine  
  105  9:21  Probe (Chrono Boost)  
  105  9:22  Probe (Chrono Boost)  
  107  9:26  Probe (Chrono Boost), Pylon  
  107  9:33  Probe (Chrono Boost)  
  107  9:37  Pylon  
  108  9:39  Zealot x4  
  108  9:44  Pylon  
  108  9:45  Probe  
  117  9:48  Probe  
  117  9:52  Colossus (Chrono Boost)  
  118  9:55  Probe  
  125  10:00  Probe  
  132  10:09  Extended Thermal Lance  
  132  10:15  Probe, Colossus (Chrono Boost)  
  132  10:16  Probe  
  132  10:31  Dark Templar x2  
  132  10:32  Dark Templar  
  134  10:36  Zealot x2, Dark Templar  
  144  10:45  Probe  
  144  10:49  Probe  
  140  10:51  Colossus (Chrono Boost)  
  140  10:52  Probe  
  140  10:53  Photon Cannon  
  140  10:55  Shield Battery  
  140  10:56  Shield Battery  
  141  10:59  Colossus (Chrono Boost)  
  147  11:16  Zealot x3, Dark Templar  
  147  11:17  Zealot  
  155  11:19  Shield Battery  
  155  11:20  Assimilator  
  155  11:22  Assimilator  
  155  11:25  Zealot  
  155  11:28  Colossus (Chrono Boost)  
  153  11:52  Dark Templar  
  153  11:53  Zealot x4, Dark Templar  
  157  12:01  Pylon, Archon  
  157  12:05  Pylon  
  157  12:07  Pylon  
  157  12:08  Nexus  
  157  12:17  Photon Cannon  
  157  12:19  Shield Battery  
  157  12:22  Dark Templar x2  
  153  12:23  Zealot  
  153  12:27  Zealot x3, Dark Templar  
  159  12:30  Dark Templar  
  159  12:31  Pylon  
  160  12:39  Pylon  
  155  12:48  Colossus (Chrono Boost)  
  161  13:02  Forge  
  161  13:04  Probe  
  162  13:07  Zealot  
  162  13:08  Zealot x3  
  162  13:11  Nexus  
  169  13:16  Observer (Chrono Boost)  
  167  13:27  Templar Archives  
  167  13:31  Dark Templar  
  167  13:32  Dark Templar  
  177  13:36  Archon  
  177  13:39  Colossus  
  183  13:44  Probe  
  183  13:47  Probe  
  179  13:50  Assimilator  
  179  13:56  Assimilator  
  175  14:08  High Templar  
  175  14:09  High Templar x3  
  183  14:10  Probe  
  183  14:13  Archon x2  
  188  14:31  High Templar  
  188  14:33  High Templar  
  178  14:43  Archon  
  165  14:49  Zealot x4  
Tags
 
Add a new tag
Caveats
  • Supply blocks, unpowered buildings, or Contaminate may cause inaccurate times.
  • Supply counts are checked every 10 seconds.